 Dungeon Crawl Stone Soup version 0.31-a0-698-g4a7cf283bb (webtiles) character file.

Game seed: 15747178518304281471

43 qw the Shooter (level 3, 0/22 HPs)
             Began as a Gargoyle Hunter on Sept 7, 2023.
             Slain by a goblin
             ... wielding a +0 dagger
             ... led by Robin
              (1 damage)
             ... on level 2 of the Dungeon.
             The game lasted 00:00:26 (1173 turns).

qw the Shooter (Gargoyle Hunter)                    Turns: 1173, Time: 00:00:26

Health: 0/22       AC:  6    Str: 14    XL:     3   Next: 58%
Magic:  3/3        EV: 11    Int:  9    God:
Gold:   40         SH:  0    Dex: 15    Spells: 2/2 levels left

rFire   . . .        Y - +0 shortbow
rCold   . . .        (shield currently unavailable)
rNeg    + . .        c - +0 leather armour
rPois   inf          (no helmet)
rElec   +            (no cloak)
rCorr   .            (no gloves)
SInv    .            (no boots)
Will    .....        (no amulet)
Stlth   ++           (no ring)
HPRegen 0.23/turn    (no ring)
MPRegen 0.08/turn

%: no passive effects
@: no status effects
A: sickness immunity, AC +3, negative energy resistance 1, electricity
resistance, torment resistance 1, petrification resistance
a: no special abilities


You were on level 2 of the Dungeon.
You visited 1 branch of the dungeon, and saw 2 of its levels.

You collected 40 gold pieces.


Innate Abilities, Weirdness & Mutations

You are immune to sickness and miasma.
Your stone body is resilient. (AC +3)
You are immune to poison.
You resist negative energy. (rN+)
You are resistant to electric shocks. (rElec)
You are resistant to unholy torment.
You are immune to petrification.


   Skills:
 + Level 2.7 Fighting
 - Level 5.0 Ranged Weapons
 - Level 1.5 Dodging
 - Level 1.1 Stealth


You had 2 spell levels left.
You didn't know any spells.
Your spell library was empty.

Inventory:

Hand Weapons
 Y - a +0 shortbow (weapon)
Armour
 b - a +0 ring mail
 c - a +0 leather armour (worn)
Potions
 a - a potion of heal wounds {unknown}

Dungeon Overview and Level Annotations

Branches:
Dungeon (2/15)

Altars:

Annotations:
D:2 Robin


Message History

You shoot an arrow. The arrow hits the goblin.
You kill the goblin!
The hobgoblin misses you.
A goblin comes into view. It is wielding a +0 club.
You shoot an arrow. The arrow hits the hobgoblin.
The hobgoblin is almost dead.
You shoot an arrow.
The arrow hits the hobgoblin but does no damage.
The hobgoblin is almost dead.
The hobgoblin hits you but does no damage.
Robin hits you but does no damage.
You shoot an arrow. The arrow hits the hobgoblin.
You kill the hobgoblin!
A dart slug comes into view.
You shoot an arrow. The arrow closely misses Robin.
Robin hits you but does no damage.
You shoot an arrow. The arrow barely misses Robin.
Robin throws the goblin at you! The goblin closely misses you.
Robin throws the goblin at you! The goblin barely misses you.
The goblin hits you but does no damage.
You shoot an arrow. The arrow barely misses Robin.
The goblin no longer looks unusually strong.
The goblin closely misses you.
The goblin hits you with a +0 dagger. x2
Robin hits you with a +0 dagger.
You shoot an arrow. The arrow barely misses Robin.
The goblin hits you with a +0 club. The goblin hits you with a +0 dagger.
Robin barely misses you. The goblin barely misses you.
You shoot an arrow. The arrow barely misses Robin.
The goblin no longer looks unusually strong.
The goblin hits you with a +0 club. The goblin barely misses you.
Robin hits you but does no damage. The goblin hits you but does no damage.
You shoot an arrow.
The arrow hits Robin but does no damage.
The goblin hits you with a +0 dagger. The goblin barely misses you.
Robin hits you but does no damage. The goblin closely misses you.
You shoot an arrow. The arrow closely misses Robin.
The goblin no longer looks unusually strong.
Robin hits you with a +0 dagger. The goblin hits you with a +0 dagger.
The goblin completely misses you. The goblin hits you with a +0 dagger.
You die...

###.... .>..... #......
...)... #....#' .......
#.....< ....... ###....
....... #....
.....w.#############....
......g#g........)##....
#.g@g..######.##....
#.............##....
#.....))...#########
#.....)%.#..#.......
#......#.#..#.######
#......#.#..#.# #...
#......#.#..#.# #.##
#......#.####'###.#
########.......##.##


You could see Robin, a dart slug and 3 goblins.

Vanquished Creatures
  A dart slug (D:1)
  2 ball pythons (D:1)
  2 bats
  3 endoplasms (D:1)
  A giant cockroach (D:1)
  5 hobgoblins
  5 kobolds
  5 frilled lizards
  9 goblins
  3 rats
36 creatures vanquished.

Notes
Turn   | Place    | Note
-------+----------+-------------------------------------------
     0 | D:1      | qw the Gargoyle Hunter began the quest for the Orb.
     0 | D:1      | Reached XP level 1. HP: 12/12 MP: 1/1
     0 | D:1      | 0 ||| qw: Version: 0.3-a-76-g4403597
     0 | D:1      | 0 ||| qw: Game counter: 379
     0 | D:1      | 0 ||| qw: Melee chars always use a shield: true
     0 | D:1      | 0 ||| qw: God list: Okawaru
     0 | D:1      | 0 ||| qw: Allow faded altars: false
     0 | D:1      | 0 ||| qw: Do Orc after clearing Dungeon:15 true
     0 | D:1      | 0 ||| qw: Do second Lair branch before Depths: true
     0 | D:1      | 0 ||| qw: Lair rune preference: random
     0 | D:1      | 0 ||| qw: Goals: Normal
     0 | D:1      | 0 ||| PLANNING D:1-11
   125 | D:1      | Reached XP level 2. HP: 17/17 MP: 2/2
   441 | D:1      | Reached XP level 3. HP: 19/21 MP: 3/3
   817 | D:1      | 817 ||| DROPPING ring of wizardry.
   818 | D:1      | 818 ||| READING scroll labelled FOSOBL CATE.
   819 | D:1      | 819 ||| READING scroll labelled DANWIAPTE MISU.
   822 | D:1      | 822 ||| READING scroll labelled SAOXZO YKAIBEZ.
   823 | D:1      | 823 ||| READING scroll labelled PONOICHENU.
   824 | D:1      | 824 ||| READING scroll labelled LYFUINKAOJ.
   825 | D:1      | 825 ||| DROPPING scroll of butterflies.
  1062 | D:2      | Reached skill level 5 in Ranged Weapons
  1157 | D:2      | Noticed Robin
  1172 | D:2      | HP: 4/22 [goblin/+0 dagger[Robin] (4)]
  1173 | D:2      | HP: 1/22 [goblin/+0 dagger[Robin] (2)]
  1173 | D:2      | Slain by a goblin

Levels and vault maps discovered:
D:1:      minmay_arrival_up_and_down, layout_basic, kennysheep_doodads
D:2:      minmay_roachtagon, layout_basic, serial_shops,
          nicolae_shop_tiny_real_fake_doors, uniq_robin, uniq_terence

Skill      XL: |  1  2  3 |
---------------+----------+-----
Ranged Weapons | 5 |  5.0
Fighting       | |  2.7
Dodging        | |  1.5
Stealth        | |  1.1

Action                     || total
---------------------------++-------
   Fire: Shortbow          ||    97
    Use: Scroll            ||     5
 Armour: Leather armour    ||    37
  Dodge: Dodged            ||    24

Table legend:
 A = Non-vault XP
 B = Vault XP
 C = Vault XP percentage of total XP
 D = Non-vault monster count
 E = Vault monster count
 F = Vault count percentage of total count
                 A         B        C        D         E       F
            +---------+---------+-------+---------+---------+-------
      Total |      45 |      17 |  27.4 |      27 |       9 |  25.0
            +---------+---------+-------+---------+---------+-------
        D:1 |      35 |       0 |   0.0 |      20 |       0 |   0.0
        D:2 |      10 |      17 |  63.0 |       7 |       9 |  56.2
            +---------+---------+-------+---------+---------+-------
